cohdb
Replays
Latest Replays
All Replays
Popular Replays
Top Player Replays
Match Explorer
How It Works
Community
CoH3 Stats
Reddit
Sign in to upload your games and track your stats! →
Sign in with Steam
Match 24073282
Unlisted
Match 24073282
Overview
Messages
Build Orders
End
Selects Italian Infantry
Kradschützen Motorcycle Team
Panzergrenadier Squad
250 Light Carrier
Construct Light Support Kompanie
Panzerjäger Squad
Assault Grenadier Squad
Fire Support Elements
Selects Guastatori Squad
Veteran Squad Leaders
Guastatori Squad
Advanced Field Repairs
Selects Registered Artillery
Construct Mechanized Kompanie
agustincus2 banditcamp.com
shift666
SneaKerz
gb_gbg
0
0
Comments
sign in to comment!
No comments posted yet!